General information
			
			
        
        - name: BNet
 
        - type: Ladder team game (AT/RT)
 
        - host: Battle.net
 
        - saver: calpants
 
        
map: TwistedMeadows 
        - players: 4
 
        - length: 09:31
 
        - speed: Fast
 - version: 1.22 W3XP
 - replay type:  Public
 
» download(46 KB)
Players
        team 1 (loser) 
              
              
ditdit (
red | 60 APM | 565 actions | 09:26)
              
 1 Tauren Chieftain 
 1 Shockwave
 
                » actions 
                
                | Assign group hotkey | 5 |  | 
| Basic commands | 24 |  | 
| Build / train | 30 |  | 
| Enter build submenu | 12 |  | 
| Enter hero's abilities submenu | 1 |  | 
| Right click | 229 |  | 
| Select / deselect | 198 |  | 
| Select group hotkey | 46 |  | 
| Use ability | 20 |  | 
                565 total
 » units 
                » upgrades
                
                | Armor | 1 |  | 
| Melee Weapons | 1 |  | 
| Berserker Strength | 1 |  | 
                3 total
 » buildings
                
                | Altar of Storms | 1 |  | 
| Orc Burrow | 5 |  | 
| Barracks | 2 |  | 
| Voodoo Lounge | 1 |  | 
| Stronghold | 1 |  | 
| War Mill | 1 |  | 
                11 total
 » build order
                00:08 Altar of Storms
00:17 Orc Burrow
00:39 Barracks
01:34 Orc Burrow
02:05 Voodoo Lounge
03:13 Stronghold
03:22 Orc Burrow
03:41 Barracks
04:10 Orc Burrow
04:16 War Mill
04:28 Orc Burrow
» items
                
                | Lesser Clarity Potion | 1 |  | 
| Scroll of Speed | 1 |  | 
                2 total
  
               
              
              
Grim_Needle (
yellow | 58 APM | 303 actions | 05:12)
              
 1 Keeper of the Grove 
 1 Force of Nature
 
                » actions 
                
                | Basic commands | 2 |  | 
| Build / train | 14 |  | 
| Enter build submenu | 4 |  | 
| Enter hero's abilities submenu | 1 |  | 
| Remove unit from queue | 2 |  | 
| Right click | 154 |  | 
| Select / deselect | 102 |  | 
| Use ability | 24 |  | 
                303 total
 » units 
                » buildings
                
                | Altar of Elders | 1 |  | 
| Moon Well | 1 |  | 
| Ancient of War | 1 |  | 
                3 total
 » build order
                00:06 Altar of Elders
00:10 Moon Well
01:20 Ancient of War
» items
                 
               team 2 (winner) 
              
              
calpants (
blue | 123 APM | 1175 actions | 09:31)
              
 1 Mountain King 
 1 Storm Bolt
 
                » actions 
                
                | Assign group hotkey | 12 |  | 
| Basic commands | 65 |  | 
| Build / train | 39 |  | 
| ESC pressed | 3 |  | 
| Enter build submenu | 28 |  | 
| Enter hero's abilities submenu | 1 |  | 
| Right click | 638 |  | 
| Select / deselect | 184 |  | 
| Select group hotkey | 65 |  | 
| Use ability | 140 |  | 
                1175 total
 » units 
                » buildings
                
                | Lumber Mill | 2 |  | 
| Scout Tower | 13 |  | 
| Guard Tower | 13 |  | 
| Farm | 4 |  | 
| Arcane Tower | 4 |  | 
| Altar of Kings | 1 |  | 
| Town Hall | 1 |  | 
| Barracks | 1 |  | 
| Arcane Vault | 1 |  | 
                40 total
 » build order
                00:33 Lumber Mill
01:08 Scout Tower
01:09 Scout Tower
01:10 Scout Tower
01:12 Scout Tower
01:14 Scout Tower
01:18 Scout Tower
01:30 Scout Tower
01:36 Guard Tower
01:37 Guard Tower
01:38 Guard Tower
01:41 Guard Tower
01:46 Farm
01:59 Arcane Tower
02:23 Guard Tower
03:12 Altar of Kings
03:47 Lumber Mill
03:57 Scout Tower
04:00 Scout Tower
04:03 Farm
04:32 Guard Tower
04:38 Arcane Tower
04:39 Arcane Tower
04:39 Arcane Tower
05:53 Farm
06:19 Scout Tower
06:22 Scout Tower
06:28 Scout Tower
06:41 Town Hall
06:52 Guard Tower
06:52 Guard Tower
06:54 Guard Tower
06:54 Guard Tower
06:55 Guard Tower
07:12 Scout Tower
07:15 Farm
07:29 Barracks
07:51 Guard Tower
09:04 Arcane Vault
 
               
              
              
Computer(Elite) (
green | 51 APM | 480 actions | 09:27)
              
 3 Blademaster 
 1 Wind Walk
 2 Critical Strike
 
                » actions 
                
                | Assign group hotkey | 6 |  | 
| Basic commands | 2 |  | 
| Build / train | 26 |  | 
| Enter build submenu | 8 |  | 
| Enter hero's abilities submenu | 3 |  | 
| Right click | 275 |  | 
| Select / deselect | 100 |  | 
| Select group hotkey | 34 |  | 
| Use ability | 26 |  | 
                480 total
 » units 
                » buildings
                
                | Altar of Storms | 1 |  | 
| Orc Burrow | 4 |  | 
| Barracks | 2 |  | 
| Voodoo Lounge | 1 |  | 
| Stronghold | 1 |  | 
                9 total
 » build order
                00:10 Altar of Storms
00:14 Orc Burrow
03:10 Barracks
03:15 Barracks
03:30 Orc Burrow
04:02 Voodoo Lounge
04:56 Orc Burrow
05:46 Stronghold
06:52 Orc Burrow
» items
                
                | Boots of Speed | 1 |  | 
| Healing Salve | 2 |  | 
| Lesser Clarity Potion | 2 |  | 
| Scroll of Speed | 1 |  | 
                6 total
  
                Chat log
          
(03:11 / All) ditdit: what kind of broken shit is that?
(09:23 / All) ditdit: no micro
(09:24 / All) ditdit: nice